 Dungeon Crawl Stone Soup version 0.24.1-14-gf8d2b509d9 (webtiles) character file.

Game seed: 12448470698396527398, levelgen mode: deterministic

143 mortelune the Changer (level 5, -2/34 HPs)
             Began as an Octopode Transmuter on May 17, 2020.
             Slain by an adder (5 damage)
             ... on level 3 of the Dungeon.
             The game lasted 00:05:53 (4140 turns).

mortelune the Changer (Octopode Transmuter)         Turns: 4140, Time: 00:05:54

Health: -2/34      AC:  1    Str:  9    XL:     5   Next: 25%
Magic:  10/10      EV: 13    Int: 17    God:
Gold:   69         SH:  0    Dex: 12    Spells: 0/10 levels left

rFire    . . .     SeeInvis .     - Unarmed
rCold    . . .     Gourm    .   (no shield)
rNeg     . . .     Faith    .   (helmet restricted)
rPois    .         Spirit   .   (no amulet)
rElec    .         Reflect  .   (no ring)
rCorr    .         Harm     .   (no ring)
MR       .....                  (no ring)
Stlth    ++........             (no ring)
HPRegen  0.11/turn              (no ring)
MPRegen  0.12/turn              (no ring)
                                (no ring)
                                (no ring)

@: lethally poisoned (-2 -> -4), appendage
A: almost no armour, stealthy swim, amphibious, 8 rings, constrict 8, tentacle
spike 3, camouflage 1, gelatinous body 1
a: End Transformation


You were on level 3 of the Dungeon.
You were hungry.
One of your tentacles had a temporary spike.
You visited 1 branch of the dungeon, and saw 3 of its levels.

You collected 69 gold pieces.

Inventory:

Hand Weapons
 b - a +0 hunting sling
Missiles
 l - 12 arrows
 Q - 51 stones (quivered)
Jewellery
 a - an uncursed amulet of the acrobat {unknown}
 s - an uncursed ring of fire {unknown}
Scrolls
 d - 4 scrolls of identify {unknown}
 e - a scroll of fog {unknown}
 f - 3 scrolls of remove curse {unknown}
 g - 3 scrolls of teleportation {unknown}
 j - a scroll of enchant weapon {unknown}
 k - a scroll of fear {unknown}
 n - 2 scrolls of immolation {unknown}
Potions
 h - 2 potions of haste {unknown}
 i - a potion of brilliance {unknown}
 m - 3 potions of curing {unknown}
 o - a potion of might {unknown}
 p - a potion of ambrosia {unknown}
 r - 2 potions of mutation {unknown}
Comestibles
 c - 5 rations
 q - 4 chunks of flesh


   Skills:
 + Level 2.2 Fighting
 + Level 2.0 Dodging
 * Level 3.1 Unarmed Combat
 - Level 3.3 Spellcasting
 - Level 3.5 Transmutations


You couldn't memorise any spells.
You knew the following spells:

 Your Spells              Type           Power        Failure   Level  Hunger
a - Beastly Appendage     Tmut           ###...       3%          1    None
b - Sticks to Snakes      Tmut           ###.....     6%          2    ##.....
c - Spider Form           Tmut/Pois      #.........   24%         3    ###....
d - Ice Form              Ice/Tmut       #.......     63%         4    ####...

Your spell library contained the following spells:

 Spells                   Type           Power        Failure   Level  Hunger
 Blade Hands              Tmut           ###.......   71%         5    ######.


Dungeon Overview and Level Annotations

Branches:
Dungeon (3/15)

Altars:

Annotations:
D:2 1 runed translucent door, Crazy Yiuf


Innate Abilities, Weirdness & Mutations

You cannot wear most types of armour.
You are very stealthy in the water. (Stealth+)
You are amphibious.
You can wear up to eight rings at the same time.
You can use your tentacles to constrict eight enemies at once.
Your skin changes colour to match your surroundings (Stealth+).
Your rubbery body absorbs attacks. (AC +1, EV +1)
One of your tentacles bears a large vicious spike.


Message History

The adder poisons you!
You closely miss the adder. Your grab misses the adder.
You pierce the adder.
The adder is severely wounded.
You feel sick. The adder barely misses you.
You tentacle-slap the adder. Your grab misses the adder.
Your squeeze misses the adder.
The adder is severely wounded.
The adder bites you.
* * * LOW HITPOINT WARNING * * *
You closely miss the adder. You grab the adder.
You pierce the adder.
You kill the adder!
You closely miss the adder. You grab the adder. You constrict the adder.
You feel sick. The adder bites you.
* * * LOW HITPOINT WARNING * * *
The adder bites you.
* * * LOW HITPOINT WARNING * * *
You tentacle-slap the adder.
The adder is severely wounded.
You constrict the adder. The adder bites you.
You die...

###.# ... #.# .#
#.# ?# #.# .# #.#
.# #.######## S#
#........# .#
#..#####^##.######
#.)#####.@S.......
#.....##.#########
##.##....#
#.#####.# #.. ..#
### ###


You could see an adder.

Vanquished Creatures
  3 gnolls (D:2)
  4 adders
  3 worms
  4 dart slugs (D:1)
  3 leopard geckos
  11 bats
  A giant cockroach (D:3)
  6 hobgoblins
  2 quokkas
  A ball python (D:3)
  4 frilled lizards
  7 goblins
  9 kobolds
  7 rats
65 creatures vanquished.

Notes
Turn   | Place    | Note
-------+----------+-------------------------------------------
     0 | D:1      | mortelune the Octopode Transmuter began the quest for the
                  | Orb.
     0 | D:1      | Reached XP level 1. HP: 13/13 MP: 3/3
    86 | D:1      | Reached XP level 2. HP: 1/18 MP: 3/5
   614 | D:1      | Learned a level 2 spell: Sticks to Snakes
  1108 | D:1      | Reached XP level 3. HP: 10/23 MP: 6/6
  1316 | D:1      | Learned a level 3 spell: Spider Form
  2069 | D:2      | Found a runed translucent door.
  2070 | D:2      | Noticed Crazy Yiuf
  2213 | D:2      | Reached XP level 4. HP: 12/29 MP: 5/8
  3875 | D:3      | Reached XP level 5. HP: 28/34 MP: 6/9
  4027 | D:3      | Learned a level 4 spell: Ice Form
  4140 | D:3      | Slain by an adder

Levels and vault maps discovered:
D:1:      saegor_arrival_under_anarchy, layout_basic
D:2:      layout_basic, first_ration, minmay_tromino_v2, uniq_crazy_yiuf_cottage
D:3:      layout_loops_cross

Skill      XL: |  1  2  3  4 |
---------------+-------------+-----
Transmutations | 3 |  3.5
Spellcasting   | 3 |  3.3
Fighting       | 2 |  2.2
Dodging        | |  2.0
Unarmed Combat | |  3.1

Action                   |  1- 3 |  4- 6 || total
-------------------------+-------+-------++-------
Melee: Unarmed           |    81 |    70 ||   151
       Constrict         |    21 |    17 ||    38
       Tentacles         |    15 |     9 ||    24
       Kick              |     7 |    10 ||    17
       Punch             |     1 |       ||     1
 Fire: Hunting sling     |       |    31 ||    31
Throw: Stone             |     3 |       ||     3
 Cast: Beastly Appendage |     7 |    10 ||    17
       Spider Form       |     1 |     3 ||     4
 Stab: Sleeping          |     8 |       ||     8
       Distracted        |     1 |       ||     1
  Eat: Chunk             |     4 |     6 ||    10
Armor: Skin              |    17 |    13 ||    30
Dodge: Dodged            |    57 |    78 ||   135
